 Dungeon Crawl Stone Soup version 0.29-a0-222-g5b244fca1f (webtiles) character file.

Game seed: 2579504660865897802

13 Azmakalis the Stinger (level 2, -30/17 HPs)
             Began as an Octopode Venom Mage on Feb 27, 2022.
             Killed by an exploding jackal (32 damage)
             ... ignited by their inner flame
             ... on level 1 of the Dungeon.
             The game lasted 00:02:01 (699 turns).

Azmakalis the Stinger (Octopode Venom Mage)          Turns: 699, Time: 00:02:02

Health: -30/17     AC:  1    Str:  7    XL:     2   Next: 37%
Magic:  0/5        EV: 13    Int: 17    God:
Gold:   14         SH:  0    Dex: 12    Spells: 2/5 levels left

rFire   . . .      SeeInvis .   c - +0 club
rCold   . . .      Faith    .   (no shield)
rNeg    . . .      Spirit   .   (helmet restricted)
rPois   .          Reflect  .   (no amulet)
rElec   .          Harm     .   W - ring of wizardry {Wiz+}
rCorr   .          Rampage  .   (no ring)
Will    .....                   (no ring)
Stlth   +++.......              (no ring)
HPRegen 0.05/turn               (no ring)
MPRegen 0.09/turn               (no ring)
                                (no ring)
                                (no ring)

@: weak-willed
A: almost no armour, amphibious, 8 rings, camouflage 1, gelatinous body 1,
(nimble swimmer 1), tentacles
a: no special abilities


You were on level 1 of the Dungeon.
You visited 1 branch of the dungeon, and saw 1 of its levels.

You collected 14 gold pieces.

Inventory:

Hand Weapons
 c - a +0 club (weapon)
Jewellery
 W - a ring of wizardry (left tentacle) {Wiz+}
Potions
 d - a potion of cancellation


   Skills:
 - Level 2.0 Dodging
 - Level 2.6 Stealth
 - Level 2.0 Spellcasting
 - Level 1.0 Transmutations
 + Level 4.5 Poison Magic


You had 2 spell levels left.
You knew the following spells:

 Your Spells              Type           Power      Damage    Failure   Level
a - Sting                 Tmut/Pois      44%        1d5       2%          1
b - Poisonous Vapours     Pois/Air       18%        N/A       4%          2

Your spell library contained the following spells:

 Spells                   Type           Power      Damage    Failure   Level
 Beastly Appendage        Tmut           10%        N/A       5%          1
 Wereblood                Tmut           5%         N/A       8%          2
 Spider Form              Tmut/Pois      11%        N/A       8%          3
 Mephitic Cloud           Conj/Pois/Air  6%         N/A       12%         3
 Olgreb's Toxic Radiance  Pois           17%        N/A       12%         4


Dungeon Overview and Level Annotations

Branches:
Dungeon (1/15)

Altars:


Innate Abilities, Weirdness & Mutations

You cannot wear most types of armour.
You are amphibious.
You can wear up to eight rings at the same time.
Your skin changes colour to match your surroundings (Stealth+).
Your rubbery body absorbs attacks. (AC +1, EV +1)
((You are camouflaged when in or above water. (Stealth+)))
You have tentacles for arms and can constrict up to eight enemies at once.


Message History

The endoplasm hits you. The jackal bites you. The endoplasm freezes you.
You are frozen.
You release your grip on the jackal.
You take 8 damage, and have 9/17 hp.
MASSIVE DAMAGE!!
Aim: a jackal Poisonous vapours surround the jackal!
The jackal is poisoned.
The jackal bites you.
* * * LOW HITPOINT WARNING * * *
The jackal bites you.
* * * LOW HITPOINT WARNING * * *
You take 4 damage, and have 5/17 hp.
MASSIVE DAMAGE!!
You now have 2/5 mp.
Aim: a jackal Poisonous vapours surround the jackal!
The jackal is poisoned.
* * * LOW MAGIC WARNING * * *
The jackal bites you.
* * * LOW HITPOINT WARNING * * *
You take 3 damage, and have 2/17 hp.
You now have 0/5 mp.
Unknown command.
It was a potion of cancellation.
You feel magically purged. The jackal misses you.
As you read the scroll labelled EGIRHU TAIZOPN, it crumbles to dust.
Magic quickly surges around you.
It was a scroll of vulnerability.
The jackal barely misses you. x2
As you read the scroll labelled QOMUFOYTONK, it crumbles to dust.
The creatures around you are filled with an inner flame!
It was a scroll of immolation.
Flame seeps out of the jackal.
The jackal is engulfed in blazing flames.
The jackal explodes!
The fiery explosion engulfs the jackal!!!
The fiery explosion engulfs the jackal!!
The fiery explosion engulfs the endoplasm!!
The fiery explosion engulfs the jackal!!
The jackal explodes!
The endoplasm explodes!
The jackal explodes! x2
The fiery explosion engulfs you!!
Ouch! That really hurt!
You die...

#.# #######
#.# #.# ## #.#
.. #.#######
.# # #.......#
###.##.#
#######.#
#......##
#.####§§......
#..@§○§§......
######§§....#.
#.h......
###.##### .#
.. ##


There were no monsters in sight!

Levels and vault maps discovered:
D:1:      dpeg_arrival_boxes_within_box, layout_loops_ring,
          hellmonk_ecumenical_altar_leap_of_faith, serial_park_tiny_2,
          minivault_25

Notes
Turn   | Place    | Note
-------+----------+-------------------------------------------
     0 | D:1      | Azmakalis the Octopode Venom Mage began the quest for the
                  | Orb.
     0 | D:1      | Reached XP level 1. HP: 11/11 MP: 3/3
     7 | D:1      | Identified a +0 robe
   313 | D:1      | Identified a ring of wizardry
   333 | D:1      | Identified a +0 club
   339 | D:1      | Reached skill level 4 in Poison Magic
   346 | D:1      | Reached XP level 2. HP: 12/17 MP: 1/5
   349 | D:1      | Learned a level 2 spell: Poisonous Vapours
   667 | D:1      | Identified a +0 ring mail
   684 | D:1      | Identified a +0 club
   696 | D:1      | HP: 2/17 [jackal (3)]
   697 | D:1      | Identified 2 potions of cancellation
   698 | D:1      | Identified a scroll of vulnerability
   699 | D:1      | Identified a scroll of immolation
   699 | D:1      | Killed by an exploding jackal... ignited by their inner
                  | flame

Table legend: (Time is in decaauts)
 A = Elapsed time spent in this place.
 B = Non-inter-level travel time spent in this place.
 C = Inter-level travel time spent in this place.
 D = Time resting spent in this place.
 E = Time spent auto-exploring this place.
 F = Levels seen in this place.
 G = Mean time per level.
                   A        B        C        D        E       F      G
               +--------+--------+--------+--------+--------+-----+--------+
         Total |    701 |    701 |      0 |      0 |    618 |   1 |  701.0 |
       Dungeon |    701 |    701 |      0 |      0 |    618 |   1 |  701.0 |
               +--------+--------+--------+--------+--------+-----+--------+

Top non-repeatable levels by time:
     D:1: 701 daAuts

Table legend:
 A = Kills in this place as a percentage of kills in entire the game.
 B = Kills by you in this place as a percentage of kills by you in the entire game.
 C = Kills by friends in this place as a percentage of kills by friends in the entire game.
 D = Other kills in this place as a percentage of other kills in the entire game.
 E = Experience gained in this place as a percentage of experience gained in the entire game.
 F = Experience gained in this place divided by the number of levels of this place that you have seen.
                   A       B       C       D       E      F
               +-------+-------+-------+-------+-------+----------------------
         Total | 100.0 | 100.0 |   N/A |   N/A | 100.0 |  29.0
       Dungeon | 100.0 | 100.0 |   N/A |   N/A | 100.0 |  29.0
               +-------+-------+-------+-------+-------+----------------------

Skill      XL: |  1 |
---------------+----+-----
Poison Magic   | 4 |  4.5
Dodging        | |  2.0
Stealth        | |  2.6
Spellcasting   | |  2.0
Transmutations | |  1.0

Action                   || total
-------------------------++-------
Melee: Unarmed           ||    10
       Tentacles         ||     6
       Constrict         ||     5
       Club              ||    12
 Cast: Sting             ||     2
       Poisonous Vapours ||     5
  Use: Scroll            ||     2
       Potion            ||     1
 Stab: Sleeping          ||     2
Armor: Skin              ||     2
Dodge: Dodged            ||    19

Vanquished Creatures
  2 endoplasms (D:1)
  A giant cockroach (D:1)
  2 goblins (D:1)
  8 jackals (D:1)
  A ball python (D:1)
  2 frilled lizards (D:1)
16 creatures vanquished.
